 Dungeon Crawl Stone Soup version 0.30.1-4-g462c640d31 (webtiles) character file.

Game seed: 15363962356463164761

1397 Arctor the Magician (level 8, -1/67 HPs)
             Began as a Purple Draconian Transmuter on Sept 12, 2023.
             Was a Follower of Kikubaaqudgha.
             Slain by an ice beast (9 damage)
             ... summoned by Fannar
             ... on level 10 of the Dungeon.
             The game lasted 00:11:56 (5371 turns).

Arctor the Magician (Purple Draconian Transmuter)   Turns: 5371, Time: 00:11:57

Health: -1/67      AC:  7    Str: 13    XL:     8   Next: 41%
Magic:  16/16      EV: 18    Int: 16    God:    Kikubaaqudgha [*.....]
Gold:   198        SH:  0    Dex: 13    Spells: 13/17 levels left

rFire   . . .        r - +9 dagger of the Hammering Gods {heavy, Dex+2}
rCold   . . .        (no shield)
rNeg    . . .        (body armour unavailable)
rPois   .            (helmet currently unavailable)
rElec   .            (no cloak)
rCorr   .            j - +0 pair of gloves
SInv    +            i - melded +0 pair of boots
Will    +....        (no amulet)
Stlth   +            h - +5 ring of evasion
HPRegen 0.31/turn    q - ring of see invisible
MPRegen 0.15/turn

%: no passive effects
@: brilliant, appendages
A: horns 2, talons 2, breathe power, AC +6, unfitting armour, cold-blooded
a: Breathe Dispelling Energy, End Transformation, Renounce Religion, Unearth
Wretches


You were on level 10 of the Dungeon.
You worshipped Kikubaaqudgha.
Kikubaaqudgha was aware of your devotion.
You had temporarily grown beastly horns and talons.
You visited 2 branches of the dungeon, and saw 9 of its levels.

You collected 352 gold pieces.
You spent 154 gold pieces at shops.

Inventory:

Hand Weapons
 b - a +1 whip of draining
 r - the +9 dagger of the Hammering Gods (weapon) {heavy, Dex+2}
   (You bought it in a shop on level 1 of the Dungeon)

   Dex:       It affects your dexterity (+2).
Armour
 i - a +0 pair of boots (melded)
 j - a +0 pair of gloves (worn)
Jewellery
 h - a +5 ring of evasion (left hand)
 l - a ring of magical power
 q - a ring of see invisible (right hand)
Scrolls
 c - a scroll of teleportation
 e - 3 scrolls of immolation
 f - a scroll of enchant weapon
 k - a scroll of identify
 n - 3 scrolls of magic mapping
 u - a scroll of fog
Potions
 a - 2 potions of lignification
 d - a potion of attraction
 g - 3 potions of haste
 m - 2 potions of might


   Skills:
 + Level 4.7 Fighting
 + Level 4.4 Dodging
 + Level 5.2 Unarmed Combat
 + Level 5.3 Spellcasting
 + Level 3.0 Necromancy
 + Level 4.7 Transmutations


You had 13 spell levels left.
You knew the following spells:

 Your Spells              Type           Power      Damage    Failure   Level
a - Beastly Appendage     Tmut           58%        N/A       1%          1
b - Spider Form           Tmut/Pois      17%        N/A       17%         3

Your spell library contained the following spells:

 Spells                   Type           Power      Damage    Failure   Level
 Wereblood                Tmut           29%        N/A       3%          2
 Necrotise                Necr           80%        1d8       4%          1
 Kiss of Death            Conj/Necr      52%        2d9       8%          1
 Vampiric Draining        Necr           20%        2d7       13%         3
 Cigotuvi's Dreadful Rot  Necr/Pois/Air  22%        N/A       14%         2
 Animate Dead             Necr           20%        N/A       38%         4
 Dispel Undead            Necr           20%        3d11      38%         4
 Ice Form                 Ice/Tmut       17%        N/A       50%         4
 Agony                    Necr           20%        N/A       75%         5
 Death Channel            Necr           10%        N/A       100%        6


Dungeon Overview and Level Annotations

Branches:
Dungeon (7/15)             Temple (1/1) D:4

Altars:
Cheibriados
Fedhas
Gozag
Hepliaklqana
Kikubaaqudgha
Makhleb
Okawaru
Qazlal
Ru
Sif Muna
Uskayaw
Vehumet
Xom
Yredelemnul
Zin
The Shining One

Shops:
D:1 [([

Annotations:
D:10 Fannar


Innate Abilities, Weirdness & Mutations

You have temporarily grown beastly horns and talons.
You can breathe bolts of dispelling energy.
Your rich purple scales are hard. (AC +6)
You cannot fit into any form of body armour.
You are cold-blooded and may be slowed by cold attacks.


Message History

A two-headed ogre comes into view. It is wielding two +0 giant clubs.
The two-headed ogre shouts in stereo!
The teleport trap disappears.
The two-headed ogre disappears!
You see here a +0 pair of gloves.
j - a +0 pair of gloves You start putting on your armour.
You continue putting on your +0 pair of gloves. x2
You float gracefully downwards.
You continue putting on your +0 pair of gloves. x2
You finish putting on your +0 pair of gloves.
You start resting.
An ice beast comes into view.
An ice beast is nearby!
Casting: Spider Form (dangerous; 17% risk of failure)
Confirm with . or Enter, or press ? or * to list all spells.
You feel a surge of power!
You grow a pair of large bovine horns.
Your feet morph into talons.
Your +0 pair of boots melds into your body.
You puncture the ice beast! Your kick misses the ice beast.
The ice beast is moderately wounded.
The ice beast misses you.
You hit the ice beast. You claw the ice beast.
Your tail-slap misses the ice beast.
The ice beast is heavily wounded.
The ice beast hits you but does no damage.
The ice beast closely misses you.
You hit the ice beast. You headbutt the ice beast.
The ice beast is severely wounded.
The ice beast hits you.
* * * LOW HITPOINT WARNING * * *
The ice beast freezes you!
* * * LOW HITPOINT WARNING * * *
You completely miss the ice beast.
You claw the ice beast, but do no damage.
The ice beast is severely wounded.
The ice beast hits you.
* * * LOW HITPOINT WARNING * * *
The ice beast freezes you!
You die...
Kikubaaqudgha rasps: "You have failed me!
Welcome... death!"

# # #### # ... #
####^####
#.......# #
#.......#.#
..#.......#.###+#
#......_...^......
#..#.....Y@#......
# #.......# .....
#.......# ....
####^#### ... ....
.. ..... . .....
...


You could see an ice beast (summoned).

Vanquished Creatures
  2 humans (D:7)
  A steam dragon (D:7)
  A water moccasin (D:7)
  A centaur (D:10)
  2 scorpions
  A jelly (D:4)
  4 hounds
  3 iguanas
  6 sleepcaps
  4 orc wizards
  7 adders
  A white imp (D:5)
  4 worms
  17 orcs
  7 endoplasms
  5 giant cockroaches
  8 goblins
  8 hobgoblins
  2 jackals (D:1)
  5 quokkas
  4 ball pythons
  7 bats
  3 frilled lizards (D:2)
  11 kobolds
  24 rats
138 creatures vanquished.

Notes
Turn   | Place    | Note
-------+----------+-------------------------------------------
     0 | D:1      | Arctor the Draconian Transmuter began the quest for the
                  | Orb.
     0 | D:1      | Reached XP level 1. HP: 16/16 MP: 3/3
   103 | D:1      | Found Jaiwahol's Antique Armour Boutique.
   116 | D:1      | Reached XP level 2. HP: 18/23 MP: 3/5
   393 | D:1      | Found Kearat's Antique Weapon Shop.
   595 | D:1      | Found Adef's Antique Armour Shop.
   804 | D:2      | Reached XP level 3. HP: 21/29 MP: 4/6
   931 | D:2      | Found a faded altar of an unknown god.
  1146 | D:2      | Reached XP level 4. HP: 28/36 MP: 7/7
  1792 | D:3      | Learned a level 3 spell: Spider Form
  2185 | D:1      | Bought a jewelled dagger for 154 gold pieces
  2185 | D:1      | Identified the +9 dagger of the Hammering Gods {heavy,
                  | Dex+2} (You bought it in a shop on level 1 of the Dungeon)
  2229 | D:4      | Reached XP level 5. HP: 34/42 MP: 7/9
  2685 | D:4      | Found a staircase to the Ecumenical Temple.
  2741 | Temple   | Entered the Ecumenical Temple
  2847 | Temple   | Became a worshipper of Kikubaaqudgha
  2968 | D:4      | Reached XP level 6. HP: 46/51 MP: 10/10
  3204 | D:4      | Reached * piety under Kikubaaqudgha
  3204 | D:4      | Received a gift from Kikubaaqudgha
  3308 | D:5      | Entered Level 5 of the Dungeon
  3409 | D:5      | Found a hazy altar of Hepliaklqana.
  3412 | D:5      | Found a glowing golden altar of the Shining One.
  3416 | D:5      | Found a sacrificial altar of Ru.
  3746 | D:5      | Reached skill level 1 in Necromancy
  4008 | D:5      | Found a shimmering blue altar of Sif Muna.
  4090 | D:5      | Your scales start taking on a rich purple colour.
  4090 | D:5      | Reached XP level 7. HP: 57/57 MP: 13/13
  4153 | D:6      | Noticed a komodo dragon
  4507 | D:7      | Found an iron altar of Okawaru.
  4509 | D:7      | Noticed a human
  4509 | D:7      | Noticed a human
  4515 | D:7      | Killed a human
  4521 | D:7      | Killed a human
  4522 | D:7      | Reached skill level 5 in Spellcasting
  4522 | D:7      | Reached XP level 8. HP: 36/67 MP: 15/15
  4778 | D:7      | Reached skill level 5 in Unarmed Combat
  4778 | D:7      | HP: 3/67 [something (8)]
  5018 | D:7      | Identified the +7 dagger "Wargh" {holy, Int+3}
  5060 | D:7      | You fall into a shaft and drop 3 floors!
  5060 | D:10     | Entered Level 10 of the Dungeon
  5327 | D:10     | Noticed Fannar
  5340 | D:10     | Found an opulent altar of Gozag.
  5341 | D:10     | Noticed a two-headed ogre
  5371 | D:10     | Slain by an ice beast

Illustrated notes

Levels and vault maps discovered:
D:1:      minmay_arrival_open_corners, layout_rooms, serial_shops,
          nicolae_shop_hallway_stairs, shop, nicolae_shop_dealshenge,
          chequers_arboretum, minmay_misc_feat_columns, feat_on_display
D:2:      wad_river_or_something, layout_rooms,
          chequers_ecumenical_altar_simple, serial_glass, glass_columns_c,
          glass_columns_c, glass_columns_b, glass_columns_c, glass_columns_c,
          glass_columns_b, glass_columns_b, glass_columns_a, glass_columns_b,
          glass_columns_a, feat_on_display
D:3:      layout_basic
D:4:      layout_rooms, minmay_temple_entry_enclosed_plants, minmay_rat_hole
D:5:      layout_basic, kennysheep_orc_sif_temple,
          grunt_temple_overflow_diamond, minmay_misc_feat_iff
D:6:      minmay_octagon_keep, layout_rooms, lemuel_round_altar,
          mainiacjoe_overflow_boulevard, minmay_manual_moon
D:7:      minmay_general_purpose_star, layout_loops_corners,
          lemuel_doored_altar, okawaru_humans
D:10:     layout_roguey, lemuel_tele_altar, serial_shops, shop, uniq_fannar
Temple:   zaba_magenta_temple

Skill      XL: |  1  2  3  4  5  6  7  8 |
---------------+-------------------------+-----
Dodging        | 2 3 4 |  4.4
Fighting       | 2 3 4 |  4.7
Transmutations | 3 4 |  4.7
Spellcasting   | 3 4 5 |  5.3
Unarmed Combat | 4 5 |  5.2
Necromancy     | 1 2 3 |  3.0

Action                     |  1- 3 |  4- 6 |  7- 9 || total
---------------------------+-------+-------+-------++-------
  Melee: Whip              |    29 |       |       ||    29
         Kick              |    21 |    30 |    17 ||    68
         Headbutt          |    13 |    19 |    11 ||    43
         Tailslap          |     9 |    15 |     7 ||    31
         Unarmed           |   114 |    44 |     7 ||   165
         Dagger            |       |   112 |    68 ||   180
         Punch             |       |     2 |     1 ||     3
   Cast: Beastly Appendage |    29 |    36 |    12 ||    77
         Spider Form       |       |       |     1 ||     1
Ability: Breathe Dispellin |       |       |     1 ||     1
    Use: Scroll            |       |     9 |     3 ||    12
         Potion            |       |     2 |    10 ||    12
   Stab: Sleeping          |       |     1 |       ||     1
 Armour: Skin              |    43 |    42 |    22 ||   107
  Dodge: Dodged            |   124 |   132 |   120 ||   376
